 Dungeon Crawl Stone Soup version 0.30.1-11-g7821555f0a (webtiles) character file.

Game seed: 7546608114391634021

1477 lonewolfV2 the Fighter (level 9, -6/75 HPs)
             Began as a Formicid Fighter on Nov 16, 2023.
             Was a Believer of the Shining One.
             Engulfed by a cloud of steam (9 damage)
             ... on level 6 of the Dungeon.
             The game lasted 00:05:44 (4431 turns).

lonewolfV2 the Fighter (Formicid Fighter)           Turns: 4431, Time: 00:05:45

Health: -6/75      AC: 11    Str: 26    XL:     9   Next: 6%
Magic:  9/9        EV:  6    Int:  5    God:    the Shining One [**....]
Gold:   319        SH: 22    Dex: 19    Spells: 8/8 levels left

rFire   . . .        a - +0 war axe
rCold   + + .        o - +8 tower shield of Shielding {rC+ rCorr Int-2 Stlth+}
rNeg    + . .        y - +0 chain mail
rPois   .            (helmet unavailable)
rElec   .            n - +0 cloak
rCorr   +            h - +0 pair of gloves
SInv    +            (no boots)
Will    .....        (no amulet) Stlth
                     e - +6 ring of dexterity
HPRegen 0.32/turn    c - ring of protection from cold
MPRegen 0.11/turn

%: no passive effects
@: glowing
A: permanent stasis, dig shafts and tunnels, antennae 3, four strong arms
a: Dig, Shaft Self, Renounce Religion, Divine Shield


You were on level 6 of the Dungeon.
You worshipped the Shining One.
The Shining One was pleased with you.
You visited 1 branch of the dungeon, and saw 6 of its levels.

You collected 319 gold pieces.

Inventory:

Hand Weapons
 a - a +0 war axe (weapon)
Missiles
 m - 2 throwing nets
Armour
 h - a +0 pair of gloves (worn)
 n - a +0 cloak (worn)
 o - the +8 tower shield of Shielding (worn) {rC+ rCorr Int-2 Stlth+}
   (You acquired it on level 2 of the Dungeon)

   Int:       It affects your intelligence (-2).
   rC:        It protects you from cold.
   rCorr:     It protects you from acid and corrosion.
   Stlth:     It makes you more stealthy.
 y - a +0 chain mail (worn)
Jewellery
 c - a ring of protection from cold (right hand)
 e - a +6 ring of dexterity (left hand)
Wands
 t - a wand of paralysis (3)
Scrolls
 b - a scroll of brand weapon {unknown}
 g - 5 scrolls of teleportation
 k - 2 scrolls of identify
 q - 2 scrolls of magic mapping
 u - 2 scrolls of enchant weapon {unknown}
 v - 2 scrolls of noise
 w - 3 scrolls of vulnerability {unknown}
 A - a scroll of blinking {unknown}
Potions
 d - a potion of might
 f - 2 potions of invisibility
 i - 2 potions of curing
 j - 2 potions of degeneration
 l - 2 potions of haste
 p - a potion of attraction
 r - 2 potions of heal wounds
 s - a potion of flight
 x - a potion of mutation {unknown}
 z - a potion of lignification {unknown}


   Skills:
 + Level 8.9 Fighting
 + Level 7.8 Axes
 - Level 3.2 Armour
 - Level 4.0 Shields


You had 8 spell levels left.
You didn't know any spells.
Your spell library contained the following spells:

 Spells                   Type           Power      Damage    Failure   Level
 Inner Flame              Hex/Fire       0%         N/A       100%        3
 Ozocubu's Armour         Ice            0%         N/A       100%        3
 Flame Wave               Conj/Fire      0%         2d4       100%        4
 Sticky Flame             Conj/Fire      0%         2d3       100%        4
 Ozocubu's Refrigeration  Ice            0%         4d7       100%        7


Dungeon Overview and Level Annotations

Branches:
Dungeon (6/15)
 Temple: D:4-7

Altars:
Sif Muna
Wu Jian
The Shining One

Annotations:
D:4 1 runed translucent door, Crazy Yiuf


Innate Abilities, Weirdness & Mutations

You cannot be hasted, slowed, berserked, paralysed or teleported.
You can dig through walls and to a lower floor.
You have a pair of large antennae on your head. (SInv)
Your four strong arms can wield two-handed weapons with a shield.


Message History

The steam dragon is moderately wounded.
You block the steam dragon's attack.
The steam dragon claws you but does no damage.
You barely miss the steam dragon.
The steam dragon is moderately wounded.
You block the steam dragon's attack. x2
The steam dragon bites you but does no damage.
You block the steam dragon's attack.
You hit the steam dragon.
The steam dragon is moderately wounded.
You block the steam dragon's attack.
The steam dragon claws you but does no damage.
You slash the steam dragon!
The steam dragon is severely wounded.
The steam dragon bites you but does no damage.
The steam dragon claws you but does no damage.
You barely miss the steam dragon.
The steam dragon is severely wounded.
The steam dragon breathes steam at you. The ball of steam hits you.
You block the steam dragon's attack.
The steam dragon claws you but does no damage.
You hear a shout!
You completely miss the steam dragon.
The steam dragon is severely wounded.
You are engulfed in a cloud of scalding steam.
The steam dragon breathes steam at you. The ball of steam hits you!
* * * LOW HITPOINT WARNING * * *
You slash the steam dragon!
You kill the steam dragon!
You are engulfed in a cloud of scalding steam.
* * * LOW HITPOINT WARNING * * *
You have reached level 9!
Your experience leads to an increase in your attributes!
Your base attributes are Str 24, Int 7, Dex 13.
Increase (S)trength, (I)ntelligence, or (D)exterity?
You feel stronger. x2
You're standing in a cloud of steam!
You are engulfed in a cloud of scalding steam.
You die...

##........##
#.
#.......#.##
.........##.##
.....#######.#
...##. ##.##
## .. ##.##
#.#..# #{
#.##.#[###.#.#
#...§.§§@....#
#.##.#.#######
# #.#.# # #.#
#.# #.# ..#
###


There were no monsters in sight!

Vanquished Creatures
  A troll (D:5)
  2 steam dragons (D:6)
  An acid dragon (D:5)
  A water moccasin (D:6)
  A sky beast (D:6)
  An ice beast (D:5)
  An ogre (D:5)
  A phantom (D:6)
  2 scorpions
  A jelly (D:4)
  2 hounds
  3 orc wizards
  Natasha (D:2)
  6 adders
  A shadow imp (D:5)
  3 ufetubi
  5 worms
  2 dart slugs
  7 orcs
  7 endoplasms
  3 giant cockroaches
  7 goblins
  6 hobgoblins
  2 quokkas
  9 ball pythons
  2 bats (D:1)
  6 kobolds
  4 rats
88 creatures vanquished.

Vanquished Creatures (others)
  An ufetubus (D:4)
1 creature vanquished.

Grand Total: 89 creatures vanquished

Notes
Turn   | Place    | Note
-------+----------+-------------------------------------------
     0 | D:1      | lonewolfV2 the Formicid Fighter began the quest for the
                  | Orb.
     0 | D:1      | Reached XP level 1. HP: 18/18 MP: 1/1
   147 | D:1      | Reached XP level 2. HP: 24/24 MP: 2/2
   769 | D:2      | Reached XP level 3. HP: 29/30 MP: 3/3
   824 | D:2      | Reached skill level 4 in Fighting
   848 | D:2      | Found a faded altar of an unknown god.
  1025 | D:2      | Reached XP level 4. HP: 31/37 MP: 4/4
  1048 | D:2      | Prayed at the altar of an unknown god.
  1048 | D:2      | Became a worshipper of the Shining One
  1048 | D:2      | Reached * piety under the Shining One
  1436 | D:2      | Noticed Natasha
  1448 | D:2      | Killed Natasha
  1576 | D:2      | Identified a scroll of acquirement
  1576 | D:2      | Acquired the +8 tower shield of Shielding {rC+ rCorr Int-2
                  | Stlth+}
  1762 | D:3      | Found a shimmering blue altar of Sif Muna.
  1762 | D:3      | Found an ornate altar of the Wu Jian Council.
  1782 | D:3      | Identified the +3 leather armour of Masochism {Dex+2}
  2144 | D:4      | Reached XP level 5. HP: 39/43 MP: 5/5
  2246 | D:4      | Reached skill level 5 in Fighting
  2254 | D:4      | Reached XP level 6. HP: 51/51 MP: 6/6
  2800 | D:4      | Found a runed translucent door.
  2801 | D:4      | Noticed Crazy Yiuf
  3061 | D:5      | Entered Level 5 of the Dungeon
  3125 | D:5      | Noticed an ice beast
  3135 | D:5      | Killed an ice beast
  3136 | D:5      | Reached skill level 6 in Fighting
  3136 | D:5      | Reached skill level 5 in Axes
  3136 | D:5      | Reached XP level 7. HP: 54/58 MP: 7/7
  3804 | D:5      | Reached ** piety under the Shining One
  3829 | D:5      | Noticed a troll
  3830 | D:5      | Noticed an acid dragon
  3837 | D:5      | Killed an acid dragon
  3838 | D:5      | Reached skill level 7 in Fighting
  3842 | D:5      | Killed a troll
  3843 | D:5      | Reached XP level 8. HP: 29/67 MP: 8/8
  4307 | D:6      | Reached skill level 8 in Fighting
  4430 | D:6      | HP: 3/69 [something (16)]
  4431 | D:6      | Reached XP level 9. HP: 3/75 MP: 9/9
  4431 | D:6      | Engulfed by a cloud of steam

Illustrated notes

Levels and vault maps discovered:
D:1:      nagdon_arrival_zigzag_paths, layout_basic
D:2:      layout_loops_cross, nicolae_ecumenical_oubliette, uniq_natasha
D:3:      layout_loops_ring, gammafunk_temple_overflow_statue
D:4:      kennysheep_spiral_hall, layout_rooms, grunt_ministairs_11,
          lemuel_flame_loot_1, uniq_crazy_yiuf_cottage
D:5:      layout_cave_pods, minmay_small_thing
D:6:      layout_loops_ring

Skill      XL: |  1  2  3  4  5  6  7  8 |
---------------+-------------------------+-----
Fighting       | 4 5 6 7 8 |  8.9
Axes           | 3 4 5 6 7 |  7.8
Armour         | |  3.2
Shields        | |  4.0

Action                     |  1- 3 |  4- 6 |  7- 9 || total
---------------------------+-------+-------+-------++-------
  Melee: War axe           |    61 |    88 |    84 ||   233
Ability: Dig               |     1 |       |       ||     1
    Use: Scroll            |     3 |    11 |       ||    14
         Potion            |       |       |     2 ||     2
 Armour: Scale mail        |    38 |    19 |     6 ||    63
         Chain mail        |       |       |    36 ||    36
  Dodge: Dodged            |    20 |    12 |    11 ||    43
  Block: Buckler           |    21 |     5 |       ||    26
         Tower shield      |       |    89 |   121 ||   210
